 Dungeon Crawl Stone Soup version 0.18-a0-1211-g828307d (webtiles) character file.

4205 inmateoo the Changer (level 10, -1/58 HPs)
             Began as an Octopode Transmuter on Feb 2, 2016.
             Was an Elder of Makhleb.
             Slain by a killer bee (4 damage)
             ... on level 9 of the Dungeon.
             The game lasted 00:19:47 (10332 turns).

inmateoo the Changer (Octopode Transmuter)         Turns: 10332, Time: 00:19:47

Health: -1/58      AC:  1    Str: 10    XL:     10   Next: 29%
Magic:  24/26      EV: 16    Int: 20    God:    Makhleb [****..]
Gold:   523        SH:  0    Dex: 20    Spells: 6 memorised, 0 levels left

rFire  . . .     SeeInvis .     m - +7 quarterstaff of Manwupt {vamp, Int+3 Dex+4}
rCold  . . .     Gourm    .     (shield currently unavailable)
rNeg   . . .     Faith    .     (helmet restricted)
rPois  .         Spirit   .     (no amulet)
rElec  .         Dismiss  .     w - ring of stealth
rCorr  .         Reflect  .     u - ring of magical power
SustAt .         Harm     .     x - ring of stealth
MR     .....                    (no ring)
Stlth  +++++++...               (no ring)
                                (no ring)
                                (no ring)
                                (no ring)

@: not resistant to hostile enchantments, extremely stealthy
A: almost no armour, amphibious, 8 rings, constrict 8, camouflage 1, clever 1,
gelatinous body 1, evolution 1
a: Minor Destruction, Lesser Servant of Makhleb, Major Destruction, Renounce
Religion


You were on level 9 of the Dungeon.
You worshipped Makhleb.
Makhleb was greatly pleased with you.
You were hungry.

You visited 1 branch of the dungeon, and saw 9 of its levels.
You also visited: Sewer.

You collected 523 gold pieces.

Inventory:

Hand Weapons
 m - the +7 quarterstaff of Manwupt (weapon) {vamp, Int+3 Dex+4}
   (You found it on level 4 of the Dungeon)

   It inflicts no extra harm, but heals its wielder somewhat when it strikes a
   living foe.
   It affects your intelligence (+3).
   It affects your dexterity (+4).
Missiles
 a - 130 arrows
 D - 14 poisoned arrows
Jewellery
 u - a ring of magical power (right tentacle)
 w - a ring of stealth (left tentacle)
 x - a ring of stealth (on tentacle)
Wands
 l - a wand of flame (23/48)
 o - a wand of paralysis (1/24)
Scrolls
 d - a scroll of fear
 k - 6 scrolls of remove curse
 v - 2 scrolls of recharging
 z - a scroll of magic mapping
 E - 2 scrolls of identify
Potions
 h - a potion of might
 i - 4 potions of magic
 j - 2 potions of brilliance
 p - a potion of agility
 s - a potion of berserk rage
Books
 b - a book of Changes

   Spells                             Type                      Level
   a - Beastly Appendage              Transmutation                1
   b - Sticks to Snakes               Transmutation                2
   c - Spider Form                    Transmutation/Poison         3
   d - Ice Form                       Ice/Transmutation            4
   e - Blade Hands                    Transmutation                5
 g - a Young Poisoner's Handbook

   Spells                             Type                      Level
   a - Sting                          Conjuration/Poison           1
   b - Cure Poison                    Poison                       2
   c - Mephitic Cloud                 Conjuration/Poison/Air       3
   d - Olgreb's Toxic Radiance        Poison                       4
   e - Venom Bolt                     Conjuration/Poison           5
 r - a book of Dreams

   Spells                             Type                      Level
   a - Ensorcelled Hibernation        Hexes/Ice                    2
   b - Phase Shift                    Translocation                5
   c - Silence                        Hexes/Air                    5
   d - Darkness                       Hexes                        6
   e - Mass Confusion                 Hexes                        6
   f - Shadow Creatures               Summoning                    6
 t - a book of Battle

   Spells                             Type                      Level
   a - Infusion                       Charms                       1
   b - Shroud of Golubria             Charms/Translocation         2
   c - Song of Slaying                Charms                       2
   d - Spectral Weapon                Hexes/Charms                 3
   e - Regeneration                   Charms/Necromancy            3
 y - a book of Transfigurations

   Spells                             Type                      Level
   a - Stoneskin                      Transmutation/Earth          2
   b - Irradiate                      Conjuration/Transmutation    5
   c - Statue Form                    Transmutation/Earth          6
   d - Hydra Form                     Transmutation                6
   e - Dragon Form                    Transmutation                7
Comestibles
 c - 2 meat rations
 f - 5 fruits
 B - 4 bread rations


   Skills:
 - Level 1.0 Fighting
   Level 0.2 Short Blades
 * Level 5.3 Staves
 + Level 4.8 Dodging
 + Level 6.6 Stealth
 + Level 6.1 Unarmed Combat
 + Level 5.2 Spellcasting
 * Level 7.3 Transmutations
 - Level 5.6 Ice Magic
 + Level 1.2 Invocations


You couldn't memorise any spells.
You knew the following spells:

 Your Spells              Type           Power        Failure   Level  Hunger
a - Blade Hands           Trmt           ####......   17%         5    #####..
b - Sticks to Snakes      Trmt           ####....     1%          2    None
c - Spider Form           Trmt/Pois      ###.......   10%         3    ##.....
d - Ice Form              Ice/Trmt       ####....     10%         4    ####...
e - Ensorcelled Hibernat  Hex/Ice        ###...       6%          2    None
f - Regeneration          Chrm/Necr      #.........   38%         3    ##.....


Dungeon Overview and Level Annotations

Branches:
Dungeon (9/15)             Temple (0/1) D:7            Lair (0/8) D:9
    Orc: D:9-12

Altars:
Elyvilon
Fedhas
Makhleb
Okawaru
Qazlal
Ru
Trog
Vehumet
Xom
Yredelemnul
Zin


Innate Abilities, Weirdness & Mutations

You cannot wear most types of armour.
You are amphibious.
You can wear up to eight rings at the same time.
You can use your tentacles to constrict eight enemies at once.
Your skin changes colour to match your surroundings (Stealth).
Your rubbery body absorbs attacks (AC +1).
Your mind is acute. (Int +2)
You evolve.


Message History

You kill the killer bee!
Makhleb accepts your kill.
You feel better. The killer bee completely misses you.
The killer bee misses you.
The orc hits you with an enchanted hand axe.
* * * LOW HITPOINT WARNING * * *
The killer bee closely misses you.
Unknown command.
You slash the killer bee!
You kill the killer bee!
Makhleb accepts your kill.
You feel better.
Your tentacles revert to their normal proportions.
The +7 quarterstaff of Manwupt {vamp, Int+3 Dex+4} unmelds from your body.
You feel a dreadful hunger. The killer bee stings you!
* * * LOW HITPOINT WARNING * * *
The orc hits you with an enchanted hand axe.
* * * LOW HITPOINT WARNING * * *
The killer bee stings you.
You die...

....##...##...<...≈..
#######.........###≈#§§≈.
#................# #§§ ≈.
+...........#....# ≈##
#...........#....# ≈ .
#########..################+#####
.#...'.....#.....................
.....#.....#.....................
#....#+##+######@)############...
#.)..# #...yho# #...........
#....# #......# #...........
#....# ####...# ###########.
.....+ ..... .#. #....# .......
..#. #.#+## #################.###
#....# #..#...#....#.. #....#
#..#...+....#..


You could see a hound, a killer bee and an orc.

Vanquished Creatures
  Joseph (D:7)
  A spriggan (D:7)
  A hungry ghost (D:8)
  An ice beast (D:8)
  2 sky beasts
  An orc warrior (D:9)
  A phantom (D:7)
  A centaur (D:7)
  7 ogres
  A big kobold (D:9)
  A crocodile (D:7)
  2 giant frogs
  2 wyvern zombies
  4 scorpions
  11 killer bees
  3 wights (D:8)
  2 crimson imps
  2 quasits (D:7)
  A wasp zombie (D:7)
  A giant frog zombie (D:8)
  5 hounds
  A centaur skeleton (D:9)
  4 orc priests
  3 giant frog skeletons
  5 orc wizards
  3 iguanas
  3 worker ants
  15 adders
  7 gnolls
  2 shadow imps
  2 adder skeletons
  5 worms
  4 giant geckos
  18 orcs
  4 giant cockroaches
  8 goblins
  8 hobgoblins
  7 jackals
  19 kobolds
  4 quokkas
  6 ball pythons
  6 bats
  8 giant newts
  7 rats
200 creatures vanquished.

Vanquished Creatures (collateral kills)
  A centaur (D:8)
  A giant gecko (D:8)
2 creatures vanquished.

Grand Total: 202 creatures vanquished

Notes
Turn   | Place    | Note
--------------------------------------------------------------
     0 | D:1      | inmateoo the Octopode Transmuter began the quest for the Orb.
     0 | D:1      | Reached XP level 1. HP: 13/13 MP: 3/3
   237 | D:1      | Reached XP level 2. HP: 18/18 MP: 3/5
   713 | D:2      | Reached XP level 3. HP: 23/23 MP: 4/6
   801 | D:1      | Learned a level 2 spell: Sticks to Snakes
   805 | D:1      | Learned a level 3 spell: Spider Form
   857 | D:2      | Reached skill level 1 in Stealth
  1164 | D:2      | Found a burning altar of Makhleb.
  1167 | D:2      | Found a radiant altar of Vehumet.
  1176 | D:2      | Became a worshipper of Makhleb the Destroyer
  1246 | D:2      | Reached XP level 4. HP: 21/28 MP: 7/7
  2354 | D:3      | Reached * piety under Makhleb
  2449 | D:3      | Found a glowing drain.
  2456 | D:3      | Reached XP level 5. HP: 22/33 MP: 6/8
  2461 | Sewer    | Entered a sewer
  3208 | Sewer    | Reached skill level 4 in Unarmed Combat
  3538 | D:3      | Noticed an ogre
  3551 | D:3      | Killed an ogre
  3551 | D:3      | Reached XP level 6. HP: 12/38 MP: 8/10
  3566 | D:3      | Learned a level 4 spell: Ice Form
  4548 | D:3      | Reached ** piety under Makhleb
  4748 | D:4      | Reached skill level 1 in Ice Magic
  4891 | D:4      | Got a translucent rapier
  4892 | D:4      | Identified the +7 rapier "Sahufue" {venom, rC+} (You found it on level 4 of the Dungeon)
  4991 | D:4      | Got a scorched quarterstaff
  5201 | D:4      | Identified the +7 quarterstaff of Manwupt {vamp, Int+3 Dex+4} (You found it on level 4 of the Dungeon)
  5315 | D:4      | Reached skill level 1 in Staves
  5315 | D:4      | Reached XP level 7. HP: 43/43 MP: 11/11
  5470 | D:5      | Entered Level 5 of the Dungeon
  5512 | D:5      | Learned a level 2 spell: Ensorcelled Hibernation
  6069 | D:6      | Reached skill level 5 in Transmutations
  6069 | D:6      | Reached XP level 8. HP: 48/48 MP: 13/13
  6137 | D:6      | Found a glowing silver altar of Zin.
  6160 | D:6      | Found a sacrificial altar of Ru.
  6247 | D:6      | Reached *** piety under Makhleb
  6574 | D:6      | Reached skill level 5 in Unarmed Combat
  6746 | D:6      | Reached skill level 5 in Stealth
  6767 | D:6      | Got a bone lajatang
  7201 | D:7      | Identified the +4 lajatang of Untruth {elec, rElec rF- Str+10 Dex-4} (You found it on level 6 of the Dungeon)
  7414 | D:7      | Noticed Joseph
  7568 | D:7      | Reached XP level 9. HP: 50/53 MP: 15/15
  7622 | D:7      | Reached skill level 6 in Transmutations
  7729 | D:7      | Found a staircase to the Ecumenical Temple.
  8383 | D:7      | Gained mutation: Your mind is acute. (Int +2) [potion of mutation]
  8383 | D:7      | Gained mutation: You evolve. [potion of mutation]
  8383 | D:7      | Gained mutation: You are frail (-10% HP). [potion of mutation]
  8401 | D:7      | Killed Joseph
  8464 | D:8      | Reached **** piety under Makhleb
  8668 | D:8      | Learned a level 5 spell: Blade Hands
  8774 | D:8      | Found a bloodstained altar of Trog.
  8774 | D:8      | Found a white marble altar of Elyvilon.
  8836 | D:8      | Reached skill level 5 in Ice Magic
  8854 | D:8      | Reached skill level 5 in Staves
  8860 | D:8      | Reached XP level 10. HP: 52/52 MP: 17/17
  8861 | D:8      | Lost mutation: You are frail (-10% HP). [evolution]
  8886 | D:8      | Reached skill level 7 in Transmutations
  9073 | D:8      | Paralysed by an orc for 4 turns
  9080 | D:8      | Paralysed by an orc for 3 turns
  9387 | D:9      | Found a stormy altar of Qazlal.
  9387 | D:9      | Found an iron altar of Okawaru.
  9387 | D:9      | Found a blossoming altar of Fedhas.
  9816 | D:9      | Reached skill level 5 in Spellcasting
  9889 | D:9      | Found a basalt altar of Yredelemnul.
 10017 | D:9      | Found a staircase to the Lair.
 10023 | D:9      | Reached skill level 1 in Invocations
 10277 | D:9      | Learned a level 3 spell: Regeneration
 10289 | D:9      | Found a shimmering altar of Xom.
 10330 | D:9      | HP: 2/58 [killer bee (7)]
 10332 | D:9      | Slain by a killer bee

Vault maps used:
D:1:      nicolae_arrival_memento_mori, serial_bayou_pond_d
D:2:      grunt_temple_overflow_open
D:3:      portal_sewer_entry_d
D:4:      first_bread
D:6:      overflow_temple_1_default, zin_academy, serial_park_tiny_1
D:7:      minmay_temple_entry_hall, the_bakery, st_stairs_1, uniq_joseph
D:8:      gammafunk_temple_overflow_pools, hangedman_misty_isle, uniq_erica
D:9:      grunt_temple_overflow_forces_of_nature, old_standard_altar,
          okawaru_gym_becter, lemuel_doored_altar, lair_0_dummy, basic_altar,
          special_room
Sewer:    sewer_co_scattered_pipes

Action                   |  1- 3 |  4- 6 |  7- 9 | 10-12 || total
-------------------------+-------+-------+-------+-------++-------
Melee: Unarmed           |    66 |   145 |    47 |    57 ||   315
       Quarterstaff      |       |    13 |   174 |    37 ||   224
       Rapier            |       |     9 |       |       ||     9
 Cast: Beastly Appendage |     6 |    12 |       |       ||    18
       Spider Form       |     1 |     2 |       |       ||     3
       Sticks to Snakes  |     1 |       |       |       ||     1
       Ice Form          |       |       |     5 |     2 ||     7
       Blade Hands       |       |       |       |     2 ||     2
Invok: Lesser Servant of |       |       |     1 |       ||     1
Evoke: Wand              |       |       |     1 |       ||     1
  Use: Scroll            |     6 |     6 |    11 |     3 ||    26
       Potion            |       |     2 |     3 |     6 ||    11
 Stab: Sleeping          |     5 |    12 |    19 |     4 ||    40
       Distracted        |       |     1 |       |     1 ||     2
  Eat: Chunk             |       |    11 |    10 |       ||    21
       Beef jerky        |       |     1 |       |       ||     1
       Bread ration      |       |     2 |       |       ||     2
       Pizza             |       |       |     2 |     1 ||     3
       Fruit             |       |       |     1 |     3 ||     4
